 Dungeon Crawl Stone Soup version 0.27-a0-1416-g941b2bd30b (webtiles) character file.

Game seed: 11807179336202935288

9 robertstho the Magician (level 2, 0/21 HPs)
             Began as a Djinni Fire Elementalist on July 1, 2021.
             Slain by a jackal (1 damage)
             ... on level 1 of the Dungeon.
             The game lasted 00:00:30 (226 turns).

robertstho the Magician (Djinni Fire Elementalist)   Turns: 226, Time: 00:00:32

Health: 0/21       AC:  2    Str:  7    XL:     2   Next: 25%
Gold:   0          EV: 12    Int: 16    God:
                   SH:  0    Dex: 13

rFire    + + .     SeeInvis .   b - +0 dagger
rCold    x . .     Faith    .   (no shield)
rNeg     . . .     Spirit   .   a - +0 robe
rPois    ∞         Reflect  .   (no helmet)
rElec    .         Harm     .   (no cloak)
rCorr    .         Rampage  .   (no gloves)
Will     .....                  (boots unavailable)
Stlth    ++........             (no amulet)
HPRegen  0.07/turn              (no ring)
MPRegen  0.00/turn              (no ring)

@: flying, very slightly contaminated
A: sickness immunity, fire resistance 2, cold vulnerability 1, float, innate
caster, hp casting, extra vitality 1
a: no special abilities


You were on level 1 of the Dungeon.
You visited 1 branch of the dungeon, and saw 1 of its levels.

Inventory:

Hand Weapons
 b - a +0 dagger (weapon)
Armour
 a - a +0 robe (worn)
Scrolls
 c - a scroll of fear {unknown}


   Skills:
 * Level 0.1 Fighting
 + Level 2.3 Dodging
 + Level 1.6 Stealth
 * Level 2.8 Spellcasting


You couldn't memorise any spells.
You knew the following spells:

 Your Spells              Type           Power      Damage    Failure   Level
a - Foxfire               Conj/Fire      44%        2x1d6     6%          1
b - Conjure Flame         Conj/Fire      11%        6-21      19%         3
c - Inner Flame           Hex/Fire       11%        N/A       19%         3
d - Sticky Flame          Conj/Fire      11%        2d3       52%         4
e - Fireball              Conj/Fire      5%         3d5       86%         5
Your spell library was empty.

Dungeon Overview and Level Annotations

Branches:
Dungeon (1/15)

Altars:


Innate Abilities, Weirdness & Mutations

You are immune to sickness and miasma.
You are immune to poison.
Your flesh is very heat resistant. (rF++)
You are vulnerable to cold. (rC-)
You float through the air rather than walking.
You learn spells naturally, not from books.
Your magical power is your life essence.
You have superior vitality. (+4 HP)


Message History

Casting: Foxfire (safe; 6% risk of failure)
Press: ? - help, Q - select action Dir - look around, f - activate You conjure some foxfire!
The foxfire hits the jackal.
The jackal is moderately wounded.
The foxfire hits the jackal.
You kill the jackal!
A jackal comes into view.
Your foxfire dissipates! x2
Casting: Foxfire (safe; 6% risk of failure)
Press: ? - help, Q - select action Dir - look around, f - activate You conjure some foxfire!
* * * LOW HITPOINT WARNING * * *
A jackal comes into view.
The foxfire hits the jackal.
The jackal is almost dead.
Casting: Foxfire (safe; 6% risk of failure)
Press: ? - help, Q - select action Dir - look around, f - activate You conjure some foxfire!
* * * LOW HITPOINT WARNING * * *
The foxfire hits the jackal.
You kill the jackal!
The foxfire hits the jackal.
The jackal is moderately wounded.
The foxfire hits the jackal but does no damage.
The jackal is moderately wounded.
Casting: Foxfire (safe; 6% risk of failure)
Press: ? - help, Q - select action Dir - look around, f - activate You miscast Foxfire.
You are very lightly contaminated with residual magic.
Nothing appears to happen.
* * * LOW HITPOINT WARNING * * *
The jackal bites you.
* * * LOW HITPOINT WARNING * * *
Casting: Foxfire (safe; 6% risk of failure)
Press: ? - help, Q - select action Dir - look around, f - activate You conjure some foxfire!
* * * LOW HITPOINT WARNING * * *
The jackal bites you.
You die...

... # #.# #
#.##.####.
.#......
..).... #..##.#
.. # #.†##.#
#.#
#.#hv##.##..#
#..@.......#
#.#v##..###.#
.. #.##.#.##
.....#?#.###.#
##....#.##.#.##
##.#.#.##..##
#.#.#.##.##
#.....##.# .
#.#.####.#


You could see a jackal (ally target).

Vanquished Creatures
  A ball python (D:1)
  An endoplasm (D:1)
  A hobgoblin (D:1)
  2 jackals (D:1)
  A bat (D:1)
  A frilled lizard (D:1)
  2 kobolds (D:1)
9 creatures vanquished.

Vanquished Creatures (others)
  28 foxfires (D:1)
28 creatures vanquished.

Grand Total: 37 creatures vanquished

Notes
Turn   | Place    | Note
-------+----------+-------------------------------------------
     0 | D:1      | robertstho the Djinni Fire Elementalist began the quest for
                  | the Orb.
     0 | D:1      | Reached XP level 1. HP: 15/15 MP: 0/0
   208 | D:1      | Reached XP level 2. HP: 8/21 MP: 0/0
   226 | D:1      | Slain by a jackal

Illustrated notes

Levels and vault maps discovered:
D:1:      zaba_arrival_water, layout_loops_ring,
          dilly_ecumenical_altar_fadedgnrine, serial_bayou_ford_a,
          minmay_misc_feat_iff

Action                   || total
-------------------------++-------
 Cast: Foxfire           ||    18

Table legend: (Time is in decaauts)
 A = Elapsed time spent in this place.
 B = Non-inter-level travel time spent in this place.
 C = Inter-level travel time spent in this place.
 D = Time resting spent in this place.
 E = Time spent auto-exploring this place.
 F = Levels seen in this place.
 G = Mean time per level.
                   A        B        C        D        E       F      G
               +--------+--------+--------+--------+--------+-----+--------+
         Total |    225 |    225 |      0 |      0 |    186 |   1 |  225.0 |
       Dungeon |    225 |    225 |      0 |      0 |    186 |   1 |  225.0 |
               +--------+--------+--------+--------+--------+-----+--------+

Top non-repeatable levels by time:
     D:1: 225 daAuts
